 Dungeon Crawl Stone Soup version 0.30.1-9-gdf580d7c3d (webtiles) character file.

Game seed: 3940421144472538619

1418 KittyFluff the Covered (level 8, -7/75 HPs)
             Began as a Gargoyle Berserker on Oct 18, 2023.
             Was a Priest of Trog.
             Killed by divine providence
             ... invoked by an orc priest
              (12 damage)
             ... on level 6 of the Dungeon.
             The game lasted 00:16:36 (3958 turns).

KittyFluff the Covered (Gargoyle Berserker)         Turns: 3958, Time: 00:16:38

Health: -7/75      AC: 17    Str: 22    XL:     8   Next: 71%
Magic:  8/8        EV: 16    Int:  9    God:    Trog [***...]
Gold:   325        SH:  8    Dex: 12    Spells: 7/7 levels left

rFire   + . .        v - +0 mace (drain)
rCold   . . .        l - +0 kite shield
rNeg    + . .        m - +2 robe {rF+}
rPois   ∞            k - +2 helmet
rElec   +            (no cloak)
rCorr   .            (no gloves)
SInv    .            (no boots)
Will    .....        (no amulet) Stlth
                     p - +4 ring of protection
HPRegen 0.32/turn    A - ring of Noetiros {+Blink EV+5 Dex+3}
MPRegen 0.11/turn

%: no passive effects
@: berserking, very quick
A: sickness immunity, AC +5, negative energy resistance 1, electricity
resistance, torment resistance 1, petrification resistance
a: Renounce Religion, Evoke Blink, Berserk, Trog's Hand


You were on level 6 of the Dungeon.
You worshipped Trog.
Trog was most pleased with you.
You visited 1 branch of the dungeon, and saw 6 of its levels.

You collected 325 gold pieces.

Inventory:

Hand Weapons
 i - a +0 sling
 v - a +0 mace of draining (weapon)
Missiles
 a - 4 boomerangs (quivered)
 w - 11 poisoned darts
 z - 6 datura-tipped darts
Armour
 k - a +2 helmet (worn)
 l - a +0 kite shield (worn)
 m - a +2 robe of fire resistance (worn)
Jewellery
 p - a +4 ring of protection (left hand)
 t - a ring of see invisible
 A - the ring of Noetiros (right hand) {+Blink EV+5 Dex+3}
   (You found it on level 5 of the Dungeon)

   [ring of evasion]

   EV:        It affects your evasion (+5).
   Dex:       It affects your dexterity (+3).
   +Blink:    It lets you blink.
Wands
 y - a wand of polymorph (5)
 D - a wand of iceblast (11)
Scrolls
 d - a scroll of teleportation {unknown}
 h - a scroll of magic mapping {unknown}
 j - a scroll of blinking {unknown}
 n - 2 scrolls of fear {unknown}
 o - 2 scrolls of torment {unknown}
 r - 4 scrolls of identify {unknown}
 u - 3 scrolls of poison {unknown}
 x - a scroll of amnesia {unknown}
 B - a scroll of fog {unknown}
Potions
 b - 4 potions of curing {unknown}
 c - a potion of cancellation {unknown}
 e - 2 potions of mutation {unknown}
 f - 7 potions of attraction {unknown}
 g - 3 potions of heal wounds {unknown}
 q - a potion of resistance {unknown}
 s - a potion of lignification {unknown}
 C - a potion of ambrosia {unknown}


   Skills:
 + Level 5.5 Fighting
 * Level 6.3 Maces & Flails
 * Level 6.5 Armour
 + Level 3.6 Dodging
 + Level 3.3 Shields
 + Level 0.7 Evocations


You had 7 spell levels left.
You didn't know any spells.
Your spell library was empty.

Dungeon Overview and Level Annotations

Branches:
Dungeon (6/15)             Temple (0/1) D:6

Altars:
Cheibriados
Elyvilon


Innate Abilities, Weirdness & Mutations

You are immune to sickness and miasma.
Your stone body is resilient. (AC +5)
You are immune to poison.
You resist negative energy. (rN+)
You are resistant to electric shocks. (rElec)
You are resistant to unholy torment.
You are immune to petrification.


Message History

You hit the orc wizard but do no damage.
You drain the orc wizard.
The orc wizard is moderately wounded.
You block the hound's attack. The orc wizard barely misses you.
The orc priest calls upon Beogh to heal the orc wizard.
You miss the orc wizard.
The orc wizard is moderately wounded.
The hound closely misses you.
The orc priest mumbles some strange prayers to Beogh against you.
Beogh smites you!
The orc wizard points at you and mumbles some strange words.
The magic dart hits you. The hound bites you but does no damage.
The hound bites you but does no damage. You block the hound's attack.
The orc wizard attacks as you move away!
You block the orc wizard's attack.
The orc wizard gestures wildly while chanting.
The orc wizard flickers and vanishes!
The hound misses you. The hound barely misses you.
The hound attacks as you move away! You block the hound's attack.
The orc priest mumbles some strange prayers to Beogh against you.
Beogh smites you!
* * * LOW HITPOINT WARNING * * *
The hound bites you but does no damage. The hound barely misses you.
You barely miss the hound. The hound completely misses you.
You barely miss the hound. The hound barely misses you. The hound misses you.
The hound attacks as you move away! You block the hound's attack.
The hound barely misses you.
The orc priest calls down the wrath of Beogh upon you.
Beogh smites you!
* * * LOW HITPOINT WARNING * * *
A red film seems to cover your vision as you go berserk!
You feel yourself moving faster!
You feel mighty! You block the hound's attack.
You thump the hound! You drain the hound.
You feel the power of Trog in you as your rage grows.
You kill the hound!
Trog accepts your kill.
The orc priest mumbles some strange prayers to Beogh against you.
Beogh smites you!
You die...

## .:{o
#.#.#.# ...#
#...#.# ## #.
##..#.#
#..##o.#.#
#..>.{...#
#####o#### #.#
# #†# ## #@#
.# #####<# ##
#.....# # ####
#.#####
##..### #.#
#.....# #.#
#.# #.####.#
###.# #......#
....###.######


You could see an orc priest and an orc.

Vanquished Creatures
  Sigmund (D:2)
  An ice beast (D:5)
  A sky beast (D:4)
  4 ogres
  A phantom (D:4)
  A bullfrog (D:6)
  3 scorpions
  A howler monkey (D:5)
  3 hounds
  2 orc priests
  2 iguanas (D:5)
  A sleepcap (D:4)
  Robin (D:2)
  8 adders
  2 white imps (D:6)
  An ufetubus (D:4)
  3 dart slugs
  12 orcs
  4 bats
  6 endoplasms
  3 giant cockroaches
  9 hobgoblins
  6 quokkas
  6 ball pythons
  2 frilled lizards
  10 goblins
  6 kobolds
  6 rats
106 creatures vanquished.

Vanquished Creatures (others)
  A kobold (D:1)
  A butterfly (D:6)
2 creatures vanquished.

Grand Total: 108 creatures vanquished

Notes
Turn   | Place    | Note
-------+----------+-------------------------------------------
     0 | D:1      | KittyFluff the Gargoyle Berserker began the quest for the
                  | Orb.
     0 | D:1      | Reached XP level 1. HP: 14/14 MP: 1/1
    69 | D:1      | Found a faded altar of an unknown god.
   135 | D:1      | Reached XP level 2. HP: 19/19 MP: 2/2
   465 | D:1      | Reached XP level 3. HP: 19/23 MP: 3/3
   613 | D:2      | Reached ** piety under Trog
   629 | D:2      | Noticed Robin
   748 | D:2      | Killed Robin
   849 | D:2      | Reached XP level 4. HP: 29/29 MP: 4/4
  1117 | D:2      | Noticed Sigmund
  1132 | D:2      | Killed Sigmund
  1133 | D:2      | Reached XP level 5. HP: 26/33 MP: 5/5
  1363 | D:2      | Reached XP level 6. HP: 38/38 MP: 6/6
  1942 | D:3      | Found a snail-covered altar of Cheibriados.
  2516 | D:4      | Reached skill level 1 in Shields
  2538 | D:4      | Reached *** piety under Trog
  2656 | D:4      | Reached XP level 7. HP: 44/44 MP: 7/7
  2779 | D:4      | Reached skill level 5 in Maces & Flails
  2864 | D:5      | Entered Level 5 of the Dungeon
  2938 | D:4      | Reached skill level 5 in Armour
  3007 | D:5      | Reached skill level 5 in Fighting
  3196 | D:5      | Reached XP level 8. HP: 49/49 MP: 8/8
  3416 | D:5      | Identified the ring of Noetiros {+Blink EV+5 Dex+3}
  3696 | D:6      | Found a staircase to the Ecumenical Temple.
  3803 | D:6      | Found a white marble altar of Elyvilon.
  3958 | D:6      | Killed from afar by an orc priest

Illustrated notes

Levels and vault maps discovered:
D:1:      onia_arrival_pyramid, layout_rooms, ebering_ecumenical_altar_abandoned
D:2:      layout_loops_ring, uniq_robin, uniq_sigmund
D:3:      layout_basic, mainiacjoe_overflow_tiny_flanked
D:4:      layout_rooms
D:5:      layout_rooms, minivault_1
D:6:      layout_loops_cross, nicolae_elyvilon_peaceful_grove, temple_doors_cd,
          uniq_edmund

Skill      XL: |  1  2  3  4  5  6  7  8 |
---------------+-------------------------+-----
Armour         | 3 4 5 6 |  6.5
Dodging        | 2 3 |  3.6
Fighting       | 4 5 |  5.5
Maces & Flails | 4 5 6 |  6.3
Shields        | 1 2 3 |  3.3
Evocations     | |  0.7

Action                     |  1- 3 |  4- 6 |  7- 9 || total
---------------------------+-------+-------+-------++-------
  Melee: Mace              |   102 |   170 |   161 ||   433
 Invoke: Berserk           |       |     2 |     1 ||     3
   Stab: Sleeping          |       |     1 |       ||     1
 Armour: Animal skin       |    32 |    12 |       ||    44
         Robe              |       |    76 |    92 ||   168
  Dodge: Dodged            |    68 |    80 |   108 ||   256
  Block: Kite shield       |       |    35 |    82 ||   117
